 Dungeon Crawl Stone Soup version 0.21.1-1-g345015f (webtiles) character file.

203 inc the Conjurer (level 5, -1/31 HPs)
             Began as an Octopode Conjurer on June 11, 2018.
             Engulfed by a cloud of flame (26 damage)
             ... on level 5 of the Dungeon.
             The game lasted 00:05:48 (2915 turns).

inc the Conjurer (Octopode Conjurer)                Turns: 2915, Time: 00:05:48

Health: -1/31      AC:  1    Str:  7    XL:     5   Next: 81%
Magic:  11/11      EV: 18    Int: 19    God:
Gold:   125        SH:  0    Dex: 12    Spells: 7/13 levels left

rFire    . . .     SeeInvis .   d - +5 dagger
rCold    . . .     Gourm    .   (no shield)
rNeg     . . .     Faith    .   (helmet restricted)
rPois    .         Spirit   .   s - amulet of inaccuracy (curse)
rElec    .         Reflect  .   g - +5 ring of evasion
rCorr    .         Harm     .   (no ring)
MR       .....                  (no ring)
Stlth    +++.......             (no ring)
HPRegen  0.10/turn              (no ring)
MPRegen  0.12/turn              (no ring)
                                (no ring)
                                (no ring)

@: no status effects
A: almost no armour, stealthy swim, amphibious, 8 rings, constrict 8, camouflage
1, gelatinous body 1
a: no special abilities


You were on level 5 of the Dungeon.
You were hungry.

You visited 1 branch of the dungeon, and saw 5 of its levels.

You collected 125 gold pieces.

Inventory:

Hand Weapons
 c - a +0 short sword
 d - a +5 dagger (weapon)
 e - a +1 dagger of draining
 f - a +2 mace of crushing
Jewellery
 g - a +5 ring of evasion (left tentacle)
 l - an uncursed ring of poison resistance {unknown}
 s - a cursed amulet of inaccuracy (around mantle)
Scrolls
 m - a scroll of teleportation
 p - a scroll of fog
 q - a scroll of remove curse {unknown}
Potions
 h - a potion of degeneration {unknown}
 i - a potion of magic
 j - 2 potions of brilliance
 k - a potion of curing
 n - a potion of resistance {unknown}
 o - a potion of might {unknown}
 r - a potion of haste {unknown}
Books
 a - a book of Conjurations

   Spells                             Type                      Level
   a - Magic Dart                     Conjuration                  1
   b - Searing Ray                    Conjuration                  2
   c - Dazzling Spray                 Conjuration/Hexes            3
   d - Fulminant Prism                Conjuration/Hexes            4
   e - Force Lance                    Conjuration/Translocation    4
   f - Iskenderun's Mystic Blast      Conjuration                  4
Comestibles
 b - 6 rations


   Skills:
 - Level 2.0 Dodging
 - Level 2.6 Stealth
 + Level 4.6 Spellcasting
 - Level 5.0 Conjurations


You had 7 spell levels left.
You knew the following spells:

 Your Spells              Type           Power        Failure   Level  Hunger
a - Magic Dart            Conj           ###.         1%          1    None
b - Searing Ray           Conj           ###...       2%          2    #......
c - Dazzling Spray        Conj/Hex       ##....       14%         3    ###....


Dungeon Overview and Level Annotations

Branches:
Dungeon (5/15)
 Temple: D:4-7

Altars:
Ashenzari
Sif Muna
Uskayaw
Zin
The Shining One

Shops:
D:2 *

Annotations:
D:4 Dowan, Duvessa


Innate Abilities, Weirdness & Mutations

You cannot wear most types of armour.
You are very stealthy in the water. (Stealth+)
You are amphibious.
You can wear up to eight rings at the same time.
You can use your tentacles to constrict eight enemies at once.
Your skin changes colour to match your surroundings (Stealth+).
Your rubbery body absorbs attacks. (AC +1, EV +1)


Message History

You start resting.
You feel sick. x2
You are no longer poisoned.
You start resting.
You hear the rusting of a distant drain.
You start resting.
Magic restored.
You start resting.
You hear the rusting of a very distant drain.
You start resting.
You are feeling hungry.
You start resting.
You hear the brisk rusting of a very distant drain.
Really walk into a travel-excluded area?
Okay, then.
Really walk into a travel-excluded area?
Found a ring mail, a fizzy dark potion, a potion of curing and 21 stones.
You are engulfed in blazing flames.
Ouch! That really hurt!
You die...

###.#
#......[.
#.# #..#
#.####.## #
#...<..[#
§#
#######.#
§§#
#.#####...#
#..§§§...!.
#†.§§§(..[.
##.@§§.[...
######..!#
§§#


There were no monsters in sight!

Vanquished Creatures
  An orc wizard (D:3)
  2 worker ants (D:5)
  3 adders
  An ooze (D:3)
  2 worms (D:3)
  4 dart slugs
  2 leopard geckos
  4 orcs (D:3)
  4 giant cockroaches
  6 goblins
  5 hobgoblins
  7 jackals
  3 quokkas
  4 ball pythons
  10 bats
  6 frilled lizards
  A jackal skeleton (D:4)
  9 kobolds
  A leopard gecko skeleton (D:4)
  7 rats
82 creatures vanquished.

Notes
Turn   | Place    | Note
-------+----------+-------------------------------------------
     0 | D:1      | inc the Octopode Conjurer began the quest for the Orb.
     0 | D:1      | Reached XP level 1. HP: 11/11 MP: 3/3
    67 | D:1      | Reached XP level 2. HP: 10/17 MP: 0/5
   517 | D:1      | Reached XP level 3. HP: 21/21 MP: 6/6
   556 | D:1      | Reached skill level 5 in Conjurations
   627 | D:1      | Learned a level 2 spell: Searing Ray
   631 | D:1      | Learned a level 3 spell: Dazzling Spray
   908 | D:2      | Found Zin's Purification Station.
   911 | D:2      | Found a glowing silver altar of Zin.
  1072 | D:2      | Found a shattered altar of Ashenzari.
  1148 | D:2      | Reached XP level 4. HP: 27/27 MP: 8/8
  1405 | D:2      | Found a glowing golden altar of the Shining One.
  1978 | D:4      | Noticed Duvessa
  2155 | D:3      | Reached XP level 5. HP: 27/31 MP: 6/10
  2603 | D:4      | Noticed Dowan
  2654 | D:5      | Entered Level 5 of the Dungeon
  2674 | D:5      | Found a deep blue altar of Sif Muna.
  2691 | D:5      | Found a hide-covered altar of Uskayaw.
  2694 | D:5      | Noticed a centaur
  2697 | D:5      | Noticed a phantom
  2915 | D:5      | Engulfed by a cloud of flame

Skill      XL: |  1  2  3  4  5 |
---------------+----------------+-----
Conjurations   | 5 |  5.0
Spellcasting   | 3 4 |  4.6
Dodging        | |  2.0
Stealth        | |  2.6

Action                   |  1- 3 |  4- 6 || total
-------------------------+-------+-------++-------
Melee: Unarmed           |     5 |       ||     5
       Constrict         |    11 |    14 ||    25
       Tentacles         |     5 |     4 ||     9
       Dagger            |    35 |    57 ||    92
       Short sword       |     3 |       ||     3
 Cast: Magic Dart        |    39 |    69 ||   108
  Use: Scroll            |       |     8 ||     8
 Stab: Sleeping          |     3 |     7 ||    10
  Eat: Chunk             |     1 |     5 ||     6
Armor: Skin              |     4 |     1 ||     5
Dodge: Dodged            |    40 |    41 ||    81
